 Dungeon Crawl Stone Soup version 0.23-a0-451-g1044d4c (webtiles) character file.

2225 royalsmiley the Shield-Bearer (level 9, 0/80 HPs)
             Began as a Deep Dwarf Fighter on Nov 24, 2018.
             Was a Follower of Makhleb.
             Succumbed to a killer bee's poison
             ... on level 7 of the Dungeon.
             The game lasted 00:17:13 (4404 turns).

royalsmiley the Shield-Bearer (Deep Dwarf Fighter)  Turns: 4404, Time: 00:17:14

Health: 0/80       AC: 18    Str: 24      XL:     9   Next: 13%
Magic:  0/0        EV:  8    Int:  8      God:    Makhleb [*.....]
Gold:   261        SH: 10    Dex: 11 (12) Spells: 8/8 levels left

rFire    . . .     SeeInvis .   y - +3 flail (protect)
rCold    . . .     Gourm    .   c - +0 shield
rNeg     . . .     Faith    .   z - +2 ring mail {MR+}
rPois    .         Spirit   .   A - +1 helmet
rElec    .         Reflect  .   (no cloak)
rCorr    .         Harm     .   s - +0 pair of gloves
MR       ++...                  (no boots)
Stlth    +.........             (no amulet)
HPRegen  0.00/turn              (no ring)
MPRegen  0.07/turn              (no ring)

@: lethally poisoned (0 -> -9), marked, protection aura, non-regenerating,
heavily drained
A: damage resistance, heal wounds, sense surroundings 2, no regeneration
a: Heal Wounds, Renounce Religion


You were on level 7 of the Dungeon.
You worshipped Makhleb.
Makhleb was aware of your devotion.
You were not hungry.

You visited 1 branch of the dungeon, and saw 7 of its levels.

You collected 261 gold pieces.

Inventory:

Hand Weapons
 t - a +2 short sword of venom
 x - a +0 battleaxe
 y - a +3 flail of protection (weapon)
Armour
 c - a +0 shield (worn)
 s - a +0 pair of gloves (worn)
 z - a +2 ring mail of magic resistance (worn)
 A - a +1 helmet (worn)
Wands
 o - a wand of disintegration (2)
 v - a wand of digging (3)
Scrolls
 a - a scroll of blinking
 k - 12 scrolls of remove curse
 m - 2 scrolls of identify
 p - a scroll of teleportation
 r - a scroll of amnesia
Potions
 b - 2 potions of resistance {unknown}
 d - 3 potions of might
 e - 4 potions of curing
 g - a potion of invisibility {unknown}
 h - a potion of lignification {unknown}
 i - 3 potions of flight
 j - 3 potions of haste
 l - 3 potions of brilliance {unknown}
 n - 3 potions of degeneration {unknown}
 q - 2 potions of ambrosia {unknown}
 u - a potion of heal wounds {unknown}
 w - a potion of magic {unknown}
Comestibles
 f - 10 rations


   Skills:
 + Level 4.9(2.3) Fighting
 + Level 4.1(1.5) Short Blades
 + Level 6.6(4.2) Axes
 + Level 2.5(2.0) Maces & Flails
 + Level 6.5(3.8) Armour
 - Level 1.2(0.0) Dodging
 + Level 7.1(4.3) Shields


You had 8 spell levels left.
You didn't know any spells.
Your spell library was empty.

Dungeon Overview and Level Annotations

Branches:
Dungeon (7/15)
 Temple: D:4-7

Altars:
Elyvilon
Makhleb
Okawaru
Uskayaw

Portals:
Sewer: D:5

Annotations:
D:7 Harold


Innate Abilities, Weirdness & Mutations

You are resistant to damage.
You can heal yourself by infusing magical energy.
You passively map the area around you.
You do not regenerate.


Message History

The killer bee stings you but does no damage. x2
You block the killer bee's attack. The killer bee completely misses you.
The killer bee closely misses you.
Harold says, "Do you have any idea what people are willing to pay to have you Harold hits you but does no damage.
The killer bee closely misses you. x2
The wight hits you with a +0 hand axe.
* * * LOW HITPOINT WARNING * * *
You feel drained. You block the killer bee's attack.
* * * LOW HITPOINT WARNING * * *
You feel very sick.
The killer bee stings you but does no damage. x2
You block the wight's attack.
There is a stone staircase leading up here.
Items here: )) [[ a cursed +0 dire flail; a +0 robe; a +0 great sword; a cursed +0 robe
* * * LOW HITPOINT WARNING * * *
You feel sick. The wight hits you but does no damage.
You see here 16 gold pieces.
Unknown command.
You die...

....# ..### * , *
* * #...##..... ,
* #.......(.. *
,.* #..........,
, , ,* ,..#
#.zz@...... , , ,
, ....#.yy# .#,*,
, , , ,
......zy##..#.# ,
, ,
.......$....... ,
, , ,
.......@....#.#,
, ###.#$>........
,, ,
#.#.#..#..##. ,*
* ,
,............$ ,
, ,,
.............., ,
,
##.#$#..#..##.,,,
, ,.. ........
,,, , , ,, ..
.......... , , ,
,, , , , ,


You could see Harold, 3 killer bees and 3 wights.

Vanquished Creatures
  Pikel (D:6)
  Eustachio (D:6)
  Edmund (D:6)
  Duvessa (D:5)
  A black bear (D:6)
  An ice beast (D:5)
  3 centaurs
  Dowan (D:5)
  4 scorpions
  2 wights (D:7)
  A howler monkey (D:5)
  A crimson imp (D:5)
  2 bullfrog zombies
  2 hounds
  2 orc priests (D:3)
  An iguana (D:5)
  3 orc wizards
  4 worker ants
  A howler monkey skeleton (D:4)
  4 gnolls
  9 adders
  3 oozes (D:1)
  2 adder skeletons
  An adder zombie (D:5)
  3 worms
  2 dart slugs
  4 leopard geckos
  19 orcs
  2 giant cockroaches
  11 goblins
  6 hobgoblins
  12 jackals
  2 quokkas
  A ball python (D:5)
  7 bats
  3 frilled lizards
  A jackal skeleton (D:4)
  15 kobolds
  7 rats
147 creatures vanquished.

Vanquished Creatures (others)
  A slave (D:6)
1 creature vanquished.

Grand Total: 148 creatures vanquished

Notes
Turn   | Place    | Note
-------+----------+-------------------------------------------
     0 | D:1      | royalsmiley the Deep Dwarf Fighter began the quest for the
                  | Orb.
     0 | D:1      | Reached XP level 1. HP: 20/20 MP: 1/1
    22 | D:1      | Reached XP level 2. HP: 25/27 MP: 2/2
   122 | D:1      | Reached XP level 3. HP: 28/34 MP: 3/3
   528 | D:2      | Reached skill level 4 in Shields
   685 | D:2      | Reached XP level 4. HP: 31/42 MP: 4/4
  1115 | D:3      | Found a hide-covered altar of Uskayaw.
  1312 | D:3      | Reached XP level 5. HP: 45/49 MP: 5/5
  1328 | D:3      | Noticed a centaur
  1341 | D:3      | Killed a centaur
  1341 | D:3      | Reached skill level 1 in Dodging
  1465 | D:3      | Reached XP level 6. HP: 33/56 MP: 6/6
  2138 | D:4      | Found an iron altar of Okawaru.
  2241 | D:4      | Reached skill level 5 in Axes
  2716 | D:5      | Entered Level 5 of the Dungeon
  2731 | D:5      | Reached XP level 7. HP: 33/62 MP: 6/6
  2826 | D:5      | Reached skill level 5 in Armour
  2826 | D:5      | Reached skill level 5 in Shields
  2901 | D:5      | Noticed Duvessa
  2902 | D:5      | Noticed Dowan
  2915 | D:5      | Killed Duvessa
  2928 | D:5      | Killed Dowan
  3018 | D:5      | Reached XP level 8. HP: 42/72 MP: 5/5
  3022 | D:5      | Reached skill level 1 in Short Blades
  3022 | D:5      | Reached skill level 6 in Shields
  3096 | D:5      | Found a glowing drain.
  3276 | D:5      | Found a burning altar of Makhleb.
  3284 | D:5      | Became a worshipper of Makhleb the Destroyer
  3291 | D:5      | Found a white marble altar of Elyvilon.
  3385 | D:6      | Noticed Edmund
  3414 | D:6      | Killed Edmund
  3567 | D:6      | Noticed Pikel
  3594 | D:6      | Killed Pikel
  3594 | D:6      | Reached skill level 1 in Maces & Flails
  3804 | D:6      | Gained mutation: You passively map the area around you.
                  | [Deep Dwarf growth]
  3804 | D:6      | Reached XP level 9. HP: 46/80 MP: 6/6
  3894 | D:6      | Reached * piety under Makhleb
  4155 | D:6      | Noticed Eustachio
  4213 | D:6      | Killed Eustachio
  4213 | D:6      | Reached skill level 7 in Shields
  4314 | D:7      | Noticed Harold
  4403 | D:7      | HP: 3/80 [poisoned by a killer bee]
  4404 | D:7      | Succumbed to a killer bee's poison

Vault maps used:
D:1:      erik_arrival_triangle_large
D:2:      hex_tiny
D:3:      eat_drink_and_be_merry_uskayaw
D:4:      lemuel_upstairs_altar, lemuel_doored_altar, serial_bayou_ford_a,
          minmay_fractal_squares_5
D:5:      amethyst_overflow_temple_binary, first_ration,
          cheibrodos_sewer_entry_bend, solitary_fountain, uniq_duvessa
D:6:      uniq_pikel, uniq_eustachio, uniq_edmund
D:7:      vehumet_statue, temple_fountains, st_stairs_5, minivault_1,
          uniq_harold

Skill      XL: |  1  2  3  4  5  6  7  8  9 |
---------------+----------------------------+-----
Fighting       | 3 4 |  4.9
Axes           | 3 4 5 6 |  6.6
Shields        | 4 5 6 7 |  7.1
Armour         | 4 5 6 |  6.5
Dodging        | 1 |  1.2
Short Blades   | 4 |  4.1
Maces & Flails | 2 |  2.5

Action                   |  1- 3 |  4- 6 |  7- 9 || total
-------------------------+-------+-------+-------++-------
Melee: War axe           |   111 |   215 |    26 ||   352
       Short sword       |       |       |   109 ||   109
       Flail             |       |       |   187 ||   187
 Abil: Heal Wounds       |       |     4 |    30 ||    34
  Use: Scroll            |       |     5 |     3 ||     8
  Eat: Chunk             |       |     3 |     6 ||     9
       Ration            |       |     1 |       ||     1
Armor: Scale mail        |    45 |   101 |    37 ||   183
       Ring mail         |       |       |   413 ||   413
Dodge: Dodged            |    36 |    79 |   369 ||   484
Block: Shield            |    74 |   152 |   406 ||   632

Table legend:
 A = Non-vault XP
 B = Vault XP
 C = Vault XP percentage of total XP
 D = Non-vault monster count
 E = Vault monster count
 F = Vault count percentage of total count
                 A         B        C        D         E       F
            +---------+---------+-------+---------+---------+-------
      Total |    1982 |    1197 |  37.7 |     137 |      10 |   6.8
            +---------+---------+-------+---------+---------+-------
        D:1 |      79 |       0 |   0.0 |      31 |       0 |   0.0
        D:2 |      23 |       0 |   0.0 |      14 |       0 |   0.0
        D:3 |     333 |       0 |   0.0 |      32 |       0 |   0.0
        D:4 |     174 |      68 |  28.1 |      11 |       3 |  21.4
        D:5 |     652 |     239 |  26.8 |      21 |       4 |  16.0
        D:6 |     570 |     890 |  61.0 |      25 |       3 |  10.7
        D:7 |     151 |       0 |   0.0 |       3 |       0 |   0.0
            +---------+---------+-------+---------+---------+-------
